 Dungeon Crawl Stone Soup version 0.26-a0-188-ga22346179c (webtiles) character file.

Game seed: 8946242092391861908

17 MrRokkomies the Insei (level 2, -3/22 HPs)
             Began as a Barachi Transmuter on July 4, 2020.
             Slain by a gnoll
             ... wielding a +0 halberd
              (4 damage)
             ... on level 1 of the Dungeon.
             The game lasted 00:01:26 (572 turns).

MrRokkomies the Insei (Barachi Transmuter)           Turns: 572, Time: 00:01:27

Health: -3/22      AC:  2    Str: 11    XL:     2   Next: 62%
Magic:  4/5        EV: 12    Int: 13    God:
Gold:   44         SH:  0    Dex: 12    Spells: 4/5 levels left

rFire    . . .     SeeInvis .     - Unarmed
rCold    . . .     Faith    .   (no shield)
rNeg     . . .     Spirit   .   b - +0 robe
rPois    .         Reflect  .   (no helmet)
rElec    .         Harm     .   (no cloak)
rCorr    .                      (no gloves)
MR       .....                  (boots currently unavailable)
Stlth    ++........             (no amulet)
HPRegen  0.07/turn              h - ring of stealth
MPRegen  0.09/turn              (no ring)

@: appendage (expiring), can't hop, slow
A: +LOS, swims, talons 3, slowness 1, strong legs 1
a: Hop, End Transformation


You were on level 1 of the Dungeon.
You were not hungry.
You had grown temporary talons.
You visited 1 branch of the dungeon, and saw 1 of its levels.

You collected 44 gold pieces.

Inventory:

Missiles
 a - 27 arrows
 c - 21 poisoned darts (quivered)
Armour
 b - a +0 robe (worn)
Jewellery
 h - a ring of stealth (left hand)
Scrolls
 e - a scroll of remove curse {unknown}
 j - 4 scrolls of teleportation {unknown}
Potions
 f - a potion of heal wounds {unknown}
 i - a potion of invisibility {unknown}
 k - a potion of magic {unknown}
 l - a potion of flight {unknown}
Comestibles
 d - 2 rations
 g - 6 chunks of flesh


   Skills:
 * Level 2.1 Fighting
 + Level 2.4 Dodging
 * Level 3.7 Unarmed Combat
 - Level 2.1 Spellcasting
 - Level 2.1 Transmutations


You had 4 spell levels left.
You knew the following spells:

 Your Spells              Type           Power        Failure   Level  Hunger
a - Beastly Appendage     Tmut           #.....       11%         1    ##.....

Your spell library contained the following spells:

 Spells                   Type           Power        Failure   Level  Hunger
 Sticks to Snakes         Tmut           #.......     16%         2    ###....
 Spider Form              Tmut/Pois      #.........   43%         3    ####...
 Ice Form                 Ice/Tmut       #.......     85%         4    #####..
 Blade Hands              Tmut           #.........   96%         5    ######.


Dungeon Overview and Level Annotations

Branches:
Dungeon (1/15)

Altars:


Innate Abilities, Weirdness & Mutations

You can be seen from farther away. (+LOS)
You can swim through water.
You cover ground slowly.
You can hop short distances.
You have claws for feet.


Message History

Throwing (i - inventory)
c - 24 poisoned darts (quivered)
Press: ? - help, Shift-Dir - straight line, f/p - ooze
Aim: an ooze (severely wounded)
You throw a poisoned dart. The poisoned dart hits the ooze.
The ooze is severely wounded.
Throwing (i - inventory)
c - 23 poisoned darts (quivered)
Press: ? - help, Shift-Dir - straight line, f - gnoll, p - ooze
Aim: a gnoll, wielding a +0 halberd You throw a poisoned dart.
The poisoned dart hits the ooze.
The ooze is severely wounded.
The ooze barely misses you.
Throwing (i - inventory)
c - 22 poisoned darts (quivered)
Press: ? - help, Shift-Dir - straight line, f/p - gnoll
Aim: a gnoll, wielding a +0 halberd You throw a poisoned dart.
The poisoned dart barely misses the ooze.
The poisoned dart barely misses the gnoll.
The poisoned dart closely misses the goblin.
The gnoll hits you from afar with a +0 halberd.
You die...

.........##.###....#.#..
#.....((.#...#.##.###
#####K#..##..#..#.###
#...g........#..#....
#K##.....(......#.##.
#(####...##.##..#.##.
#gg.............#.##.
#.#>###J.#.####.##.##.##.
#.......@.....#.##.##.##.
###.##.#....#.#.##....##.
......#.# .(########. .g.
##### ....# ## .... .#..
... .. .. .# . #


You could see a gnoll, an ooze, a hobgoblin, a goblin and a kobold.

Vanquished Creatures
  A dart slug (D:1)
  2 leopard geckos (D:1)
  2 giant cockroaches (D:1)
  2 goblins (D:1)
  2 jackals (D:1)
  2 frilled lizards (D:1)
  A rat (D:1)
12 creatures vanquished.

Notes
Turn   | Place    | Note
-------+----------+-------------------------------------------
     0 | D:1      | MrRokkomies the Barachi Transmuter began the quest for the
                  | Orb.
     0 | D:1      | Reached XP level 1. HP: 15/15 MP: 3/3
   143 | D:1      | Reached XP level 2. HP: 14/22 MP: 5/5
   567 | D:1      | HP: 1/22 [gnoll/+0 halberd (11)]
   572 | D:1      | Slain by a gnoll

Illustrated notes

Levels and vault maps discovered:
D:1:      shiori_arrival_maze, layout_basic, grunt_decor_cap, minmay_hexomino_p4

Skill      XL: |  1  2 |
---------------+-------+-----
Fighting       | 2 |  2.1
Dodging        | |  2.4
Unarmed Combat | |  3.7
Spellcasting   | |  2.1
Transmutations | |  2.1

Action                   || total
-------------------------++-------
Melee: Unarmed           ||    55
       Punch             ||     2
Throw: Dart              ||     4
 Cast: Beastly Appendage ||     1
 Abil: Hop               ||     1
 Stab: Sleeping          ||     2
Armor: Robe              ||    14
Dodge: Dodged            ||    39

Table legend:
 A = Non-vault XP
 B = Vault XP
 C = Vault XP percentage of total XP
 D = Non-vault monster count
 E = Vault monster count
 F = Vault count percentage of total count
                 A         B        C        D         E       F
            +---------+---------+-------+---------+---------+-------
      Total |      18 |       7 |  28.0 |       9 |       3 |  25.0
            +---------+---------+-------+---------+---------+-------
        D:1 |      18 |       7 |  28.0 |       9 |       3 |  25.0
            +---------+---------+-------+---------+---------+-------
